 Dungeon Crawl Stone Soup version 0.25.0-26-g0c896c7088 (webtiles) character file.

Game seed: 15744156108510871049

12138 protoss039 the Protected (level 11, -2/97 HPs)
             Began as a Minotaur Fighter on July 2, 2020.
             Was the Champion of Okawaru.
             Killed from afar by an electric eel (3 damage)
             ... with a bolt of electricity
             ... on level 9 of the Dungeon.
             The game lasted 00:34:10 (12535 turns).

protoss039 the Protected (Minotaur Fighter)        Turns: 12535, Time: 00:34:10

Health: -2/97      AC: 15    Str: 32    XL:     11   Next: 58%
Magic:  10/10      EV: 10    Int:  5    God:    Okawaru [******]
Gold:   767        SH: 13    Dex: 10    Spells: 10/10 levels left

rFire    . . .     SeeInvis .   D - +8 falchion "Utaoc" {vamp, Str+4}
rCold    + . .     Gourm    .   c - +0 kite shield
rNeg     + . .     Faith    .   N - +1 ring mail "Otinyicw" {rN+ Str+4 Slay-4}
rPois    .         Spirit   .   (helmet restricted)
rElec    .         Reflect  .   M - +0 cloak
rCorr    .         Harm     .   (no gloves)
MR       .....                  J - +0 pair of boots
Stlth    ..........             (no amulet)
HPRegen  0.26/turn              e - ring of protection from cold
MPRegen  0.12/turn              q - +4 ring of protection

@: no status effects
A: retaliatory headbutt, horns 2
a: Heroism, Finesse, Renounce Religion


You were on level 9 of the Dungeon.
You worshipped Okawaru.
Okawaru was exalted by your worship.
You were hungry.

You visited 1 branch of the dungeon, and saw 11 of its levels.

You collected 834 gold pieces.
You spent 67 gold pieces at shops.

Inventory:

Hand Weapons
 a - a +0 war axe
 D - the +8 falchion "Utaoc" (weapon) {vamp, Str+4}
   (You found it on level 7 of the Dungeon)

   It inflicts no extra harm, but heals its wielder when it wounds a living foe.
   It affects your strength (+4).
Armour
 c - a +0 kite shield (worn)
 j - a +0 chain mail
 J - a +0 pair of boots (worn)
 M - a +0 cloak (worn)
 N - the +1 ring mail "Otinyicw" (worn) {rN+ Str+4 Slay-4}
   (Okawaru gifted it to you on level 10 of the Dungeon)

   It affects your strength (+4).
   It affects your accuracy and damage with ranged weapons and melee attacks
   (-4).
   It protects you from negative energy.
Jewellery
 e - a ring of protection from cold (left hand)
 p - an uncursed ring of flight
 q - a +4 ring of protection (right hand)
 w - an uncursed ring of protection from cold
Wands
 u - a wand of enslavement (23)
 y - a wand of digging (7)
 I - a wand of paralysis (6)
Scrolls
 b - a scroll of immolation {unknown}
 g - 6 scrolls of teleportation {unknown}
 h - 12 scrolls of remove curse
 i - 2 scrolls of amnesia {unknown}
 k - 2 scrolls of blinking
 o - 4 scrolls of enchant weapon {unknown}
 r - a scroll of fear {unknown}
 s - 2 scrolls of magic mapping {unknown}
 x - 4 scrolls of enchant armour {unknown}
 z - a scroll of random uselessness {unknown}
 C - 3 scrolls of holy word {unknown}
 G - 2 scrolls of summoning {unknown}
 K - 2 scrolls of fog {unknown}
 O - a scroll of brand weapon {unknown}
Potions
 d - 2 potions of might
 l - a potion of heal wounds
 m - 2 potions of berserk rage
 n - a potion of flight
 t - 3 potions of brilliance
 v - a potion of magic
 B - 2 potions of haste {unknown}
 E - a potion of invisibility
 F - a potion of stabbing {unknown}
 H - a potion of curing {unknown}
 L - 2 potions of degeneration {unknown}
Comestibles
 f - 21 rations


   Skills:
 + Level 9.1 Fighting
 + Level 9.9 Long Blades
 + Level 10.5 Axes
 + Level 11.4 Armour
 + Level 10.6 Shields
 + Level 0.3 Invocations
 + Level 0.2 Evocations


You had 10 spell levels left.
You didn't know any spells.
Your spell library contained the following spells:

 Spells                   Type           Power        Failure   Level  Hunger
 Shock                    Conj/Air       #...         77%         1    ##.....
 Summon Small Mammal      Summ           #...         77%         1    ##.....
 Call Imp                 Summ           #.......     88%         2    ###....
 Swiftness                Chrm/Air       #.......     88%         2    ###....
 Call Canine Familiar     Summ           #.......     98%         3    ####...
 Confusing Touch          Hex            #.......     98%         3    ####...
 Gell's Gravitas          Tloc           #.........   98%         3    ####...
 Static Discharge         Conj/Air       #.......     98%         3    ####...
 Summon Guardian Golem    Hex/Summ       #.......     98%         3    ####...
 Airstrike                Air            #.........   100%        4    #####..
 Petrify                  Tmut/Erth      #.......     100%        4    #####..
 Summon Ice Beast         Ice/Summ       #.......     100%        4    #####..
 Summon Lightning Spire   Summ/Air       #.......     100%        4    #####..
 Bolt of Magma            Conj/Fire/Erth #.........   100%        5    ######.
 Iskenderun's Battlesphe  Conj/Chrm      #.......     100%        5    ######.
 Lightning Bolt           Conj/Air       #.........   100%        5    ######.
 Metabolic Englaciation   Hex/Ice        #.........   100%        5    ######.
 Yara's Violent Unravell  Hex/Tmut       #.........   100%        5    ######.
 Iron Shot                Conj/Erth      #.........   100%        6    #######
 Orb of Destruction       Conj           #.........   100%        7    #######
 Spellforged Servitor     Conj/Summ      #.........   100%        7    #######


Dungeon Overview and Level Annotations

Branches:
Dungeon (11/15)            Temple (0/1) D:4            Lair (0/6) D:11
    Orc (0/2) D:9

Altars:
Cheibriados
Elyvilon
Gozag
Kikubaaqudgha
Okawaru
Qazlal
Sif Muna
Uskayaw
Wu Jian
Xom
Yredelemnul
Zin
The Shining One

Shops:
D:11 *

Annotations:
D:5 1 runed translucent door


Innate Abilities, Weirdness & Mutations

You reflexively headbutt those who attack you in melee.
You have a pair of horns on your head.


Message History

Unknown command.
You feel much better.
The electric eel shoots out a bolt of lightning at you!
The bolt of electricity hits you!
* * * LOW HITPOINT WARNING * * *
The bolt of electricity hits the plant!
The electric eel shoots out a bolt of lightning at you!
The bolt of electricity hits the electric eel.
The electric eel completely resists.
The bolt of electricity hits you!
* * * LOW HITPOINT WARNING * * *
The electric eel shoots out a bolt of lightning at you!
The bolt of electricity hits the electric eel.
The electric eel completely resists.
The bolt of electricity hits the electric eel.
The electric eel completely resists.
The bolt of electricity hits you!
* * * LOW HITPOINT WARNING * * *
The electric eel shoots out a bolt of lightning at you!
The bolt of electricity hits the electric eel.
The electric eel completely resists.
The bolt of electricity hits you.
You die... ### ... #.## ########## #...####........# ♣≈≈≈P@...######.# ♣≈≈♣≈♣♣P♣# #.# ♣≈≈;♣≈♣♣♣ #.# ♣♣≈≈P P≈≈≈≈≈; ≈≈≈ #.# ♣≈≈≈≈ ≈ ≈;≈≈;≈≈ P≈P≈P

##.## ≈≈≈≈ ≈≈ ≈;≈≈≈≈≈ ≈P≈P♣≈P
♣...#### ≈≈≈♣≈≈≈ ≈≈;≈≈≈≈ ≈≈P≈≈≈≈
♣♣.....## ≈≈≈;≈≈;≈≈≈≈≈≈≈≈≈≈≈≈≈P≈♣
♣.......
≈P≈≈≈≈≈≈≈≈≈≈≈≈≈≈;≈≈P≈≈≈≈♣♣.#.###.


You could see 6 electric eels.

Vanquished Creatures
  2 two-headed ogres
  An unseen horror (D:11)
  An ugly thing (D:11)
  An oklob plant (D:11)
  Maggie (D:9)
  A gargoyle (D:7)
  3 trolls
  A hornet (D:9)
  A hippogriff (D:10)
  A shadow (D:11)
  2 wyverns
  2 wraiths (D:11)
  4 yaks
  Edmund (D:6)
  A soldier ant (D:11)
  4 sky beasts
  3 ice beasts
  5 orc warriors
  2 necrophages
  6 ogres
  4 phantoms
  3 centaurs
  3 big kobolds
  Blork the orc (D:4)
  6 bullfrogs
  A gnoll sergeant (D:10)
  5 scorpions
  11 killer bees
  4 howler monkeys
  An electric eel (D:9)
  8 crimson imps
  3 centaur zombies
  3 hounds
  A quasit (D:5)
  A bullfrog skeleton (D:10)
  4 orc priests (D:9)
  4 jellies
  5 orc wizards
  3 centaur skeletons
  2 iguanas
  Terence (D:2)
  6 worker ants
  A hound skeleton (D:8)
  Robin (D:2)
  10 adders
  10 gnolls
  7 oozes
  3 adder skeletons
  3 worms
  3 dart slugs
  6 leopard geckos
  62 orcs
  A ball python (D:2)
  3 giant cockroaches
  15 goblins
  10 hobgoblins
  8 jackals
  4 quokkas
  5 bats
  3 frilled lizards (D:1)
  17 kobolds
  7 rats
  A plant (D:11)
303 creatures vanquished.

Vanquished Creatures (others)
  A leopard gecko (D:9)
  2 jackals (D:9)
  A plant (D:9)
4 creatures vanquished.

Grand Total: 307 creatures vanquished

Notes
Turn   | Place    | Note
-------+----------+-------------------------------------------
     0 | D:1      | protoss039 the Minotaur Fighter began the quest for the
                  | Orb.
     0 | D:1      | Reached XP level 1. HP: 19/19 MP: 0/0
   370 | D:1      | Reached XP level 2. HP: 25/27 MP: 1/1
   417 | D:1      | Reached skill level 4 in Armour
   598 | D:1      | Reached XP level 3. HP: 29/33 MP: 2/2
  1099 | D:2      | Noticed Terence
  1111 | D:2      | Killed Terence
  1111 | D:2      | Reached XP level 4. HP: 34/40 MP: 3/3
  1583 | D:2      | Noticed Robin
  1931 | D:2      | Killed Robin
  2302 | D:3      | Found an iron altar of Okawaru.
  2310 | D:3      | Became a worshipper of Warmaster Okawaru
  2362 | D:3      | Reached XP level 5. HP: 41/46 MP: 4/4
  2837 | D:3      | Reached skill level 5 in Armour
  3077 | D:3      | Found a faded altar of an unknown god.
  3171 | D:4      | Noticed a phantom
  3196 | D:4      | Killed a phantom
  3196 | D:4      | Reached skill level 5 in Axes
  3196 | D:4      | Reached skill level 5 in Shields
  3196 | D:4      | Reached XP level 6. HP: 47/53 MP: 5/5
  3525 | D:4      | Noticed Blork the orc
  3535 | D:4      | Killed Blork the orc
  3761 | D:4      | Found a staircase to the Ecumenical Temple.
  3876 | D:4      | Reached skill level 6 in Armour
  4006 | D:4      | Reached XP level 7. HP: 60/60 MP: 6/6
  4304 | D:5      | Entered Level 5 of the Dungeon
  4368 | D:5      | Found a white marble altar of Elyvilon.
  4368 | D:5      | Noticed an angel
  4392 | D:5      | Found a runed translucent door.
  4517 | D:5      | Found a basalt altar of Yredelemnul.
  4520 | D:5      | Reached * piety under Okawaru
  4586 | D:5      | Reached skill level 5 in Fighting
  4917 | D:6      | Noticed Edmund
  4936 | D:6      | Killed Edmund
  4936 | D:6      | Reached XP level 8. HP: 47/68 MP: 7/7
  5216 | D:6      | Reached ** piety under Okawaru
  5216 | D:6      | Reached skill level 7 in Armour
  6186 | D:7      | Reached *** piety under Okawaru
  6186 | D:7      | Reached skill level 8 in Armour
  6186 | D:7      | Reached XP level 9. HP: 44/75 MP: 8/8
  6412 | D:7      | Noticed a gargoyle
  6428 | D:7      | Killed a gargoyle
  6428 | D:7      | Reached skill level 10 in Axes
  6597 | D:7      | Reached skill level 9 in Armour
  6882 | D:7      | Got a scorched falchion
  6886 | D:7      | Identified the +8 falchion "Utaoc" {vamp, Str+4} (You found
                  | it on level 7 of the Dungeon)
  7110 | D:8      | Found a white marble altar of Elyvilon.
  7267 | D:8      | Found a stormy altar of Qazlal.
  7267 | D:8      | Found an ancient bone altar of Kikubaaqudgha.
  7273 | D:8      | Found a shimmering altar of Xom.
  7273 | D:8      | Found an ornate altar of the Wu Jian Council.
  7273 | D:8      | Found a glowing golden altar of the Shining One.
  7273 | D:8      | Found a glowing silver altar of Zin.
  7275 | D:8      | Found a snail-covered altar of Cheibriados.
  7277 | D:8      | Found a shimmering blue altar of Sif Muna.
  7362 | D:8      | Reached **** piety under Okawaru
  7501 | D:8      | Reached skill level 1 in Long Blades
  7694 | D:8      | Noticed a +0 dagger
  7695 | D:8      | Noticed a +0 dagger
  7704 | D:8      | Found a hide-covered altar of Uskayaw.
  8016 | D:9      | Noticed Maggie
  8042 | D:9      | Killed Maggie
  8221 | D:9      | Found a staircase to the Orcish Mines.
  8239 | D:9      | Reached XP level 10. HP: 82/86 MP: 9/9
  8512 | D:9      | You fall into a shaft and drop 2 floors!
  8566 | D:11     | Found Nehan's General Store.
  8580 | D:11     | Bought a +0 pair of boots for 67 gold pieces
  8591 | D:11     | Reached skill level 5 in Long Blades
  8598 | D:11     | Reached ***** piety under Okawaru
  8688 | D:11     | Noticed an oklob plant
  8691 | D:11     | Found a staircase to the Lair.
  8702 | D:11     | Killed an oklob plant
  8869 | D:11     | Killed an unseen horror
  8869 | D:11     | Reached skill level 10 in Armour
  9060 | D:11     | Noticed a two-headed ogre
  9071 | D:11     | Killed a two-headed ogre
  9803 | D:11     | Noticed a white ugly thing
  9815 | D:11     | Killed a white ugly thing
  9815 | D:11     | Reached skill level 11 in Armour
  9937 | D:10     | Entered Level 10 of the Dungeon
  9966 | D:10     | Reached XP level 11. HP: 95/95 MP: 10/10
 10220 | D:10     | Reached ****** piety under Okawaru
 10220 | D:10     | Reached skill level 10 in Shields
 10415 | D:10     | Received a gift from Okawaru
 10425 | D:10     | Got a steaming ring mail {god gift}
 10436 | D:10     | Identified the +1 ring mail "Otinyicw" {rN+ Str+4 Slay-4}
                  | (Okawaru gifted it to you on level 10 of the Dungeon)
 10609 | D:10     | Noticed a two-headed ogre
 10626 | D:10     | Killed a two-headed ogre
 11411 | D:9      | Paralysed by a hornet for 3 turns
 11910 | D:9      | Found an opulent altar of Gozag.
 12535 | D:9      | HP: 1/97 [electric eel/bolt of electricity (11)]
 12535 | D:9      | Killed from afar by an electric eel

Illustrated notes

Levels and vault maps discovered:
D:1:      mainiacjoe_arrival_reflecting_pool, layout_basic, minmay_tetromino_i2
D:2:      layout_loops_corners, serial_glass, glass_columns_b, glass_columns_a,
          glass_columns_b, item_on_display_a, item_on_display_b,
          item_on_display_a, first_ration, uniq_terence, uniq_robin
D:3:      layout_loops_cross, kennysheep_okawaru_gauntlet,
          chequers_ecumenical_altar_simple
D:4:      layout_basic, minmay_temple_entry_grid, uniq_blork_the_orc
D:5:      layout_rooms, yredelemnul_altar_generic, lemuel_angel_altar
D:6:      layout_layer_cave, uniq_edmund
D:7:      minmay_slanted_spiral_squares, layout_cave_pools
D:8:      layout_cave_pods, dancing_weapons_uskayaw, minitemple, serial_rivers,
          chequers_serial_rivers_small_b, chequers_serial_rivers_micro_c,
          chequers_serial_rivers_micro_c, chequers_serial_rivers_micro_a,
          chequers_serial_rivers_small_b
D:9:      layout_loops_ring, overflow_temple_1_default, hiddenorc2_lemuel,
          serial_bayou, serial_bayou_lagoon_a, serial_bayou_lake_a,
          serial_bayou_pond_e, serial_bayou_pond_c,
          hangedman_little_slice_of_home, hangedman_abyss_or_decor_stabs,
          uniq_maggie
D:10:     minmay_razor_zed, layout_rooms
D:11:     layout_loops_ring, dpeg_oklobed_lair, serial_shops,
          nicolae_shop_temple_entry_statues_fountains

Skill      XL: |  1  2  3  4  5  6  7  8  9 10 11 |
---------------+----------------------------------+-----
Armour         | 4 5 6 8 9 11 | 11.4
Fighting       | 4 5 6 7 8 9 |  9.1
Shields        | 4 5 6 7 8 9 10 | 10.6
Axes           | 3 4 5 6 7 9 10 | 10.5
Long Blades    | 3 7 9 |  9.9
Invocations    | |  0.3
Evocations     | |  0.2

Action                   |  1- 3 |  4- 6 |  7- 9 | 10-12 || total
-------------------------+-------+-------+-------+-------++-------
Melee: War axe           |    75 |   172 |   267 |       ||   514
       Headbutt          |    10 |    26 |    52 |    95 ||   183
       Falchion          |       |       |    85 |   397 ||   482
Invok: Heroism           |       |       |     1 |     3 ||     4
Evoke: Wand              |       |       |       |     1 ||     1
  Use: Scroll            |       |       |     9 |       ||     9
       Potion            |       |       |     4 |     2 ||     6
 Stab: Paralysed         |       |       |       |     4 ||     4
  Eat: Chunk             |     1 |     9 |    11 |    13 ||    34
       Ration            |       |       |     1 |       ||     1
Armor: Scale mail        |    34 |    11 |       |       ||    45
       Chain mail        |       |    74 |   162 |   107 ||   343
       Skin              |       |       |    90 |       ||    90
       Ring mail         |       |       |       |    35 ||    35
Dodge: Dodged            |    21 |    33 |    86 |    78 ||   218
Block: Kite shield       |    36 |    84 |   233 |   190 ||   543
       Rpst.: Falchion   |       |       |     7 |    18 ||    25
